 Dungeon Crawl Stone Soup version 0.30-a0-142-g7370640ec8 (webtiles) character file.

Game seed: 12478742813113020589

351 Nixze the Ruffian (level 6, -2/88 HPs)
             Began as a Troll Transmuter on Sept 26, 2022.
             Was an Initiate of Dithmenos.
             Slain by a gnoll
             ... wielding a +0 flail
             ... led by a gnoll sergeant
              (6 damage)
             ... on level 4 of the Dungeon.
             The game lasted 00:05:53 (2645 turns).

Nixze the Ruffian (Troll Transmuter)                Turns: 2645, Time: 00:05:53

Health: -2/88      AC: 23    Str: 19    XL:     6   Next: 34%
Magic:  1/8        EV:  1    Int: 11    God:    Dithmenos [......]
Gold:   237        SH:  0    Dex: 10    Spells: 3/9 levels left

rFire   . . .      SeeInvis .      - Unarmed
rCold   . . .      Faith    .    (no shield)
rNeg    . . .      Spirit   .    (body armour currently unavailable)
rPois   +          Reflect  .    (helmet currently unavailable)
rElec   .          Harm     .    (cloak currently unavailable)
rCorr   .          Rampage  .    (gloves unavailable)
Will    .....      NoTele   +    (boots unavailable)
Stlth   +.........               (no amulet)
HPRegen 1.04/turn                (no ring)
MPRegen 0.11/turn                (no ring)

@: tree-form, very slightly contaminated
A: stationary, stasis, torment immunity, boosted hp, large, unfitting armour,
(claws 3), regeneration 1, (shaggy fur 1), (tough skin 1)
a: Renounce Religion


You were on level 4 of the Dungeon.
You worshipped Dithmenos.
Dithmenos was noncommittal.
You were a tree.
You visited 1 branch of the dungeon, and saw 4 of its levels.

You collected 237 gold pieces.

Inventory:

Hand Weapons
 g - a +2 whip of holy wrath
Missiles
 s - 6 poisoned darts
Armour
 a - a +0 robe (melded)
Magical Staves
 c - a staff of death
 r - a staff of cold
Wands
 m - a wand of polymorph (6)
Scrolls
 d - 4 scrolls of teleportation {unknown}
 e - 2 scrolls of vulnerability {unknown}
 i - a scroll of immolation {unknown}
 j - 2 scrolls of enchant armour {unknown}
 n - a scroll of torment {unknown}
 o - a scroll of noise {unknown}
 p - a scroll of magic mapping {unknown}
 q - 2 scrolls of identify {unknown}
 t - a scroll of acquirement {unknown}
Potions
 b - a potion of lignification
 f - 2 potions of cancellation {unknown}
 h - 3 potions of curing {unknown}
 k - a potion of haste {unknown}
 l - a potion of heal wounds {unknown}
 u - 2 potions of resistance {unknown}


   Skills:
 + Level 2.4 Fighting
 - Level 2.0 Dodging
 - Level 5.0 Unarmed Combat
 - Level 2.0 Spellcasting
 + Level 2.5 Transmutations
 + Level 0.3 Poison Magic


You had 3 spell levels left.
You knew the following spells:

 Your Spells              Type           Power      Damage    Failure   Level
a - Beastly Appendage     Tmut           12%        N/A       11%         1
b - Wereblood             Tmut           6%         N/A       16%         2
c - Spider Form           Tmut/Pois      4%         N/A       43%         3

Your spell library contained the following spells:

 Spells                   Type           Power      Damage    Failure   Level
 Blink                    Tloc           2%         N/A       41%         2
 Ignite Poison            Fire/Tmut/Pois 3%         N/A       52%         3
 Lesser Beckoning         Tloc           1%         N/A       65%         3
 Ice Form                 Ice/Tmut       3%         N/A       86%         4
 Manifold Assault         Tloc           1%         N/A       96%         4
 Sticky Flame             Conj/Fire      1%         2d3       96%         4


Dungeon Overview and Level Annotations

Branches:
Dungeon (4/15)
 Temple: D:4-7

Altars:
Dithmenos
Elyvilon
Yredelemnul

Shops:
D:3 (

Annotations:
D:3 1 runed translucent door


Innate Abilities, Weirdness & Mutations

You are a tree.
Your roots penetrate the ground, keeping you stationary.
You cannot be teleported.
You are immune to unholy pain and torment.
Your maximum health is greatly increased.
Your equipment is partially melded.
You are too large for most types of armour.
((You have claws for hands.))
Your natural rate of healing is unusually fast.
((You are covered in fur. (AC +1)))
((You have tough skin. (AC +1)))


Message History

Confirm with . or Enter, or press ? or * to list all spells.
You miscast Spider Form.
You are lightly contaminated with residual magic.
Nothing appears to happen.
The gnoll hits you with a +0 whip.
The gnoll hits you from afar with a +0 vorpal spear!
Casting: Spider Form (dangerous; 43% risk of failure)
Confirm with . or Enter, or press ? or * to list all spells.
You grow a pair of large bovine horns.
Your feet morph into talons.
The gnoll hits you from afar with a +0 vorpal spear.
The gnoll hits you with a +0 whip.
You scratch the gnoll but do no damage.
You headbutt the gnoll, but do no damage.
The gnoll misses you.
The gnoll hits you from afar with a +0 vorpal spear.
You scratch the gnoll. You claw the gnoll. Your claw misses the gnoll.
The gnoll is heavily wounded.
The gnoll hits you from afar with a +0 vorpal spear.
The gnoll hits you with a +0 flail! The gnoll barely misses you.
You closely miss the gnoll. You claw the gnoll.
The gnoll is moderately wounded.
The gnoll hits you with a +0 flail. The gnoll hits you with a +0 whip.
* * * LOW HITPOINT WARNING * * *
The gnoll hits you but does no damage. The gnoll closely misses you.
You barely miss the gnoll. You claw the gnoll!
The gnoll is severely wounded.
The gnoll hits you with a +0 flail.
* * * LOW HITPOINT WARNING * * *
The gnoll hits you with a +0 whip.
* * * LOW HITPOINT WARNING * * *
The gnoll hits you with a +0 whip.
* * * LOW HITPOINT WARNING * * *
The gnoll hits you from afar with a +0 vorpal spear.
* * * LOW HITPOINT WARNING * * *
x2 Really quaff the potion of lignification?
Uppercase [Y]es or [N]o only, please.
Really quaff the potion of lignification?
Your horns disappear.
Your talons disappear.
You turn into a tree.
Your +0 robe melds into your body.
Your roots penetrate the ground.
The gnoll hits you with a +0 flail.
You die...

..##.....(....
..##..........
..#...........
#..S......#<.##
###g........#[...
##........?.##..#.
##............##...
#g##g......#.......
###.♣g.......#..##...
#....g.........#.....
#.............##.....
##............#.....#
##.....##..........#
#.....###.........##
##..... ##........#
#.#.... #........#
####..###........#


You could see 4 gnolls.

Vanquished Creatures
  An ogre (D:3)
  A scorpion (D:3)
  A hound (D:4)
  A jelly (D:4)
  6 adders
  A gnoll (D:1)
  A worm (D:4)
  2 dart slugs
  5 bats
  9 endoplasms
  7 giant cockroaches
  13 hobgoblins
  4 kobolds
  8 quokkas
  12 ball pythons
  3 frilled lizards
  5 goblins
  2 rats
82 creatures vanquished.

Vanquished Creatures (others)
  5 fungi (D:3)
  2 plants (D:3)
7 creatures vanquished.

Grand Total: 89 creatures vanquished

Notes
Turn   | Place    | Note
-------+----------+-------------------------------------------
     0 | D:1      | Nixze the Troll Transmuter began the quest for the Orb.
     0 | D:1      | Reached XP level 1. HP: 18/18 MP: 1/1
   112 | D:1      | Reached skill level 1 in Fighting
   123 | D:1      | Reached XP level 2. HP: 27/27 MP: 3/3
   353 | D:1      | Reached XP level 3. HP: 30/33 MP: 4/4
   513 | D:1      | Reached skill level 4 in Unarmed Combat
   878 | D:1      | Learned a level 2 spell: Wereblood
  1100 | D:2      | Reached XP level 4. HP: 41/41 MP: 5/5
  1673 | D:3      | Found a runed translucent door.
  1674 | D:3      | Noticed a human
  1675 | D:3      | Found a basalt altar of Yredelemnul.
  1709 | D:3      | Reached skill level 5 in Unarmed Combat
  1773 | D:3      | Noticed a scorpion
  1781 | D:3      | Killed a scorpion
  1782 | D:3      | Reached XP level 5. HP: 40/48 MP: 4/6
  1803 | D:3      | Found a white marble altar of Elyvilon.
  1810 | D:3      | Found a shadowy altar of Dithmenos.
  1829 | D:3      | Became a worshipper of Dithmenos the Shadowed
  1960 | D:3      | Noticed an ogre
  1966 | D:3      | Killed an ogre
  2087 | D:3      | Found Tael's Weapon Emporium.
  2390 | D:4      | Reached XP level 6. HP: 45/57 MP: 5/8
  2417 | D:4      | Learned a level 3 spell: Spider Form
  2644 | D:4      | HP: 2/59 [gnoll/+0 vorpal spear[a gnoll sergeant] (2)]
  2645 | D:4      | Slain by a gnoll

Illustrated notes

Levels and vault maps discovered:
D:1:      dpeg_arrival_round_b, layout_loops_ring
D:2:      layout_basic
D:3:      layout_loops_ring, dk_yredelemnul_ordeal,
          nicolae_dithmenos_through_a_glass_darkly,
          mainiacjoe_overflow_boulevard, serial_shops,
          nicolae_shop_bloodbath_and_beyond, minmay_quadrilaterals
D:4:      layout_cave_pools, lemuel_doored_altar, tgw_trog, chequers_arboretum

Skill      XL: |  1  2  3  4  5 |
---------------+----------------+-----
Fighting       | 1 2 |  2.4
Unarmed Combat | 4 5 |  5.0
Dodging        | 2 |  2.0
Transmutations | 2 |  2.5
Spellcasting   | 2 |  2.0
Poison Magic   | |  0.3

Action                   |  1- 3 |  4- 6 || total
-------------------------+-------+-------++-------
Melee: Unarmed           |    80 |   111 ||   191
       Headbutt          |     3 |     3 ||     6
       Kick              |     2 |     3 ||     5
       Punch             |     4 |     2 ||     6
 Cast: Beastly Appendage |     3 |     5 ||     8
  Use: Potion            |       |     1 ||     1
 Stab: Sleeping          |     1 |     1 ||     2
Armor: Robe              |    28 |    39 ||    67
Dodge: Dodged            |    31 |    48 ||    79

Table legend: (Time is in decaauts)
 A = Elapsed time spent in this place.
 B = Non-inter-level travel time spent in this place.
 C = Inter-level travel time spent in this place.
 D = Time resting spent in this place.
 E = Time spent auto-exploring this place.
 F = Levels seen in this place.
 G = Mean time per level.
                   A        B        C        D        E       F      G
               +--------+--------+--------+--------+--------+-----+--------+
         Total |   2628 |   2571 |     57 |     35 |   2036 |   4 |  657.0 |
       Dungeon |   2628 |   2571 |     57 |     35 |   2036 |   4 |  657.0 |
               +--------+--------+--------+--------+--------+-----+--------+

Top non-repeatable levels by time:
     D:1: 903 daAuts
     D:2: 756 daAuts
     D:3: 703 daAuts
     D:4: 264 daAuts
